 Dungeon Crawl Stone Soup version 0.28-a0-1629-gf728b707aa (webtiles) character file.

Game seed: 13297217170695964735

247 HallandMoats the Skirmisher (level 6, -14/52 HPs)
             Began as a Ghoul Fighter on Jan 25, 2022.
             Killed by divine providence
             ... invoked by an orc priest
              (15 damage)
             ... on level 3 of the Dungeon.
             The game lasted 00:01:58 (2245 turns).

HallandMoats the Skirmisher (Ghoul Fighter)         Turns: 2245, Time: 00:01:59

Health: -14/52     AC:  6    Str: 20    XL:     6   Next: 11%
Magic:  7/7        EV: 10    Int:  5    God:
Gold:   92         SH:  0    Dex:  8    Spells: 5/5 levels left

rFire   . . .      SeeInvis .   d - +2 scythe (freeze)
rCold   + + .      Faith    .   (shield currently unavailable)
rNeg    + + +      Spirit   .   b - +0 scale mail
rPois   ∞          Reflect  .   (no helmet)
rElec   .          Harm     .   (no cloak)
rCorr   .          Rampage  .   (no gloves)
Will    .....                   (no boots)
Stlth   ..........              (no amulet)
HPRegen 0.00/turn               g - ring of protection from cold
MPRegen 0.10/turn               (no ring)

@: inhibited regen
A: claws 1, cold resistance 1, negative energy resistance 3, inhibited
regeneration, torment resistance 2
a: no special abilities


You were on level 3 of the Dungeon.
You visited 1 branch of the dungeon, and saw 3 of its levels.

You collected 92 gold pieces.

Inventory:

Hand Weapons
 a - a +0 war axe
 d - a +2 scythe of freezing (weapon)
Armour
 b - a +0 scale mail (worn)
 c - a +0 buckler
Jewellery
 g - a ring of protection from cold (left claw)
 h - an amulet of faith
Scrolls
 f - a scroll of vulnerability {unknown}
 i - a scroll of summoning {unknown}
 j - a scroll of amnesia {unknown}
 k - a scroll of immolation {unknown}
 l - a scroll of identify {unknown}
Potions
 e - a potion of haste {unknown}


   Skills:
 + Level 3.9 Fighting
 * Level 3.2 Axes
 + Level 3.2 Armour
 + Level 1.6 Dodging
 + Level 3.2 Shields
 * Level 3.0 Invocations


You had 5 spell levels left.
You didn't know any spells.
Your spell library contained the following spells:

 Spells                   Type           Power      Damage    Failure   Level
 Static Discharge         Conj/Air       0%         N/A       92%         2
 Lightning Bolt           Conj/Air       0%         1d11      100%        5
 Maxwell's Capacitive Co  Air            0%         ∞         100%        8


Dungeon Overview and Level Annotations

Branches:
Dungeon (3/15)

Altars:


Innate Abilities, Weirdness & Mutations

You thrive by killing the living.
You are immune to poison.
You have sharp fingernails.
Your flesh is cold resistant. (rC+)
You are immune to negative energy. (rN+++)
You do not regenerate when monsters are visible.
You are immune to unholy pain and torment.


Message History

The orc shouts!
You slash the orc! You freeze the orc.
You kill the orc!
You hear a shout! x2
An orc priest comes into view. It is wielding a +0 club.
The rat barely misses you.
An orc comes into view. It is wielding a +0 club.
The orc moves out of view.
Items here: ))) †.
You hit the rat. You freeze the rat.
You kill the rat!
You feel better. The orc priest misses you.
You barely miss the orc priest.
The orc priest hits you but does no damage.
The orc priest misses you.
You slash the orc priest! You freeze the orc priest.
The orc priest is heavily wounded.
The orc priest barely misses you.
A kobold comes into view. It is wielding a +0 dagger.
The orc priest hits you with a +0 club.
You barely miss the orc priest.
The orc priest is heavily wounded.
The orc priest closely misses you.
The orc priest calls down the wrath of Beogh upon you.
Beogh smites you!
* * * LOW HITPOINT WARNING * * *
You hit the orc priest but do no damage.
The orc priest is heavily wounded.
The orc priest barely misses you. The orc priest hits you with a +0 club.
* * * LOW HITPOINT WARNING * * *
You barely miss the orc priest.
The orc priest is heavily wounded.
The orc priest hits you with a +0 club.
* * * LOW HITPOINT WARNING * * *
The orc priest misses you.
You closely miss the orc priest.
The orc priest is heavily wounded.
The orc priest mumbles some strange prayers to Beogh against you.
Beogh smites you!
You die...

.....B..#
....o..
#...... #.....
#..... #....#
#.o####
#oo@)##
####..## ##..#
##.## #..# ###
##.###.#♣♣
#......<######
####..........
##...######


You could see an orc priest and 2 orcs.

Vanquished Creatures
  Sigmund (D:2)
  An orc wizard (D:3)
  An adder (D:2)
  A worm (D:2)
  2 dart slugs (D:1)
  6 orcs (D:3)
  5 endoplasms
  2 giant cockroaches
  A hobgoblin (D:2)
  7 jackals
  5 kobolds
  A quokka (D:2)
  6 ball pythons
  3 bats
  A frilled lizard (D:2)
  2 goblins (D:1)
  4 rats
49 creatures vanquished.

Notes
Turn   | Place    | Note
-------+----------+-------------------------------------------
     0 | D:1      | HallandMoats the Ghoul Fighter began the quest for the Orb.
     0 | D:1      | Reached XP level 1. HP: 19/19 MP: 0/0
   196 | D:1      | Reached XP level 2. HP: 18/26 MP: 1/1
   264 | D:1      | Reached skill level 1 in Invocations
   603 | D:1      | Reached XP level 3. HP: 28/31 MP: 2/2
  1686 | D:2      | Reached XP level 4. HP: 38/38 MP: 4/4
  1797 | D:2      | Noticed Sigmund
  1810 | D:2      | Killed Sigmund
  1811 | D:2      | Reached skill level 1 in Dodging
  1811 | D:2      | Reached XP level 5. HP: 12/46 MP: 4/6
  2224 | D:3      | Reached XP level 6. HP: 35/52 MP: 7/7
  2243 | D:3      | HP: 2/52 [orc priest (3)]
  2245 | D:3      | Killed from afar by an orc priest

Illustrated notes

Levels and vault maps discovered:
D:1:      elethiomel_arrival_infinity_welcomes_careful_drivers,
          layout_loops_ring, grunt_decor_resistance
D:2:      layout_loops_cross, uniq_sigmund
D:3:      layout_rooms, fedhas_altar_fruit_tree, lemuel_tele_altar,
          nicolae_wu_jian_immortal_techniques,
          dreamdust_ecumenical_altar_angels_and_demons

Skill      XL: |  1  2  3  4  5 |
---------------+----------------+-----
Axes           | 2 3 |  3.2
Invocations    | 1 2 3 |  3.0
Shields        | 3 |  3.2
Armour         | 3 |  3.2
Dodging        | 1 |  1.6
Fighting       | |  3.9

Action                   |  1- 3 |  4- 6 || total
-------------------------+-------+-------++-------
Melee: War axe           |   134 |     5 ||   139
       Scythe            |       |    35 ||    35
  Use: Potion            |       |     1 ||     1
Armor: Scale mail        |    96 |    22 ||   118
Dodge: Dodged            |    74 |    29 ||   103
Block: Buckler           |    38 |     1 ||    39

Table legend: (Time is in decaauts)
 A = Elapsed time spent in this place.
 B = Non-inter-level travel time spent in this place.
 C = Inter-level travel time spent in this place.
 D = Time resting spent in this place.
 E = Time spent auto-exploring this place.
 F = Levels seen in this place.
 G = Mean time per level.
                   A        B        C        D        E       F      G
               +--------+--------+--------+--------+--------+-----+--------+
         Total |   2335 |   2242 |     93 |      0 |   1829 |   3 |  778.3 |
       Dungeon |   2335 |   2242 |     93 |      0 |   1829 |   3 |  778.3 |
               +--------+--------+--------+--------+--------+-----+--------+

Top non-repeatable levels by time:
     D:2: 1229 daAuts
     D:1: 1012 daAuts
     D:3: 93 daAuts
